 Dungeon Crawl Stone Soup version 0.18.1-8-gdd0e5ea (console) character file.

25244 Kloppie the Fighter (level 12, -1/177 HPs)
             Began as a Minotaur Berserker on June 6, 2016.
             Was a High Priest of Trog.
             Slain by a polar bear (9 damage)
             ... on level 5 of the Lair of Beasts.
             The game lasted 00:25:04 (13021 turns).

Kloppie the Fighter (Minotaur Berserker)           Turns: 13021, Time: 00:25:04

Health: -1/177     AC: 21    Str: 30    XL:     12   Next: 87%
Magic:  3/3        EV: 10    Int:  4    God:    Trog [*****.]
Gold:   765        SH:  6    Dex: 15    Spells: 0 memorised, 11 levels left

rFire  + . .     SeeInvis .     a - +8 broad axe (antimagic)
rCold  . . .     Gourm    .     E - +1 chain mail {rF+}
rNeg   + . .     Faith    .     L - +1 buckler of Wuw Asma {rPois rN+ Str+3 Stlth-}
rPois  +         Spirit   .     (helmet restricted)
rElec  .         Dismiss  .     H - +0 cloak
rCorr  .         Reflect  .     x - +1 pair of gloves
SustAt .         Harm     .     u - +0 pair of boots
MR     ++...                    (no amulet)
Stlth  ..........               R - +2 ring of slaying
                                v - +6 ring of slaying

@: berserking, regenerating, very quick, very resistant to hostile enchantments,
extremely unstealthy
A: retaliatory headbutt, horns 2, molten scales 1
a: Berserk, Trog's Hand, Brothers in Arms, Burn Spellbooks, Renounce Religion


You were on level 5 of the Lair of Beasts.
You worshipped Trog.
Trog was extremely pleased with you.
You were not hungry.

You visited 2 branches of the dungeon, and saw 14 of its levels.
You also visited: Sewer.

You collected 929 gold pieces.
You spent 164 gold pieces at shops.

Inventory:

Hand Weapons
 a - a +8 antimagic broad axe (weapon)
 b - the +7 hunting sling "Unocos" {freeze, rElec rC+ SInv Stlth+}
   (Trog gifted it to you on level 9 of the Dungeon)

   It causes projectiles fired from it to freeze those they strike, causing
   extra injury to most foes and up to half again as much damage against
   particularly susceptible opponents.
   They can also slow down cold-blooded creatures.
   It protects you from cold.
   It insulates you from electricity.
   It lets you see invisible.
   It makes you more stealthy.
 t - the +11 executioner's axe of Dawn {venom, Int+2 SInv}
   (Trog gifted it to you on level 3 of the Lair of Beasts)

   It poisons the flesh of those it strikes.
   It affects your intelligence (+2).
   It lets you see invisible.
 y - a +1 battleaxe
Missiles
 O - 18 sling bullets
Armour
 u - a +0 pair of boots (worn)
 x - a +1 pair of gloves (worn)
 E - a +1 chain mail of fire resistance (worn)
 H - a +0 cloak (worn)
 L - the +1 buckler of Wuw Asma (worn) {rPois rN+ Str+3 Stlth-}
   (You acquired it on level 3 of the Lair of Beasts)

   It affects your strength (+3).
   It protects you from poison.
   It protects you from negative energy.
   It makes you less stealthy.
Jewellery
 e - an uncursed ring of flight
 v - a +6 ring of slaying (left hand)
 w - an uncursed ring of fire
 R - a +2 ring of slaying (right hand)
Wands
 D - a wand of polymorph (9/24)
 M - a wand of polymorph (10/24)
 N - a wand of lightning (15/15)
Scrolls
 f - a scroll of fog
 h - 9 scrolls of teleportation
 k - 7 scrolls of remove curse
 l - 2 scrolls of fear
 r - a scroll of enchant weapon
 K - 4 scrolls of identify
Potions
 d - 2 potions of cancellation
 i - a potion of invisibility
 j - a potion of magic
 m - 2 potions of berserk rage
 o - a potion of might
 p - a potion of haste
 q - 5 potions of curing
 s - 3 potions of brilliance
 z - a potion of flight
 A - 3 potions of resistance
 B - 4 potions of lignification
 C - 2 potions of heal wounds
 G - a potion of agility
 J - a potion of mutation {unknown}
Books
 Q - a book of the Dragon

   Spells                             Type                      Level
   a - Flame Tongue                   Conjuration/Fire             1
   b - Cause Fear                     Hexes                        4
   c - Bolt of Fire                   Conjuration/Fire             6
   d - Dragon Form                    Transmutation                7
   e - Dragon's Call                  Summoning                    9
   Trog disapproves of the use of such an item.
Comestibles
 c - 5 bread rations
 g - 2 royal jellies
 n - 15 fruits
 F - 3 meat rations
 I - 2 beef jerkies


   Skills:
 + Level 14.8 Fighting
 + Level 14.8 Axes
 + Level 14.2 Armour
 - Level 2.1 Dodging
 - Level 4.0 Shields


You had 11 spell levels left.
You didn't know any spells.

Dungeon Overview and Level Annotations

Branches:
Dungeon (9/15)             Temple (0/1) D:6            Lair (5/8) D:8
  Swamp (0/4) Lair:5       Spider (0/4) Lair:4          Orc (0/2) D:9

Altars:
Ashenzari
Cheibriados
Elyvilon
Kikubaaqudgha
Makhleb
Okawaru
Trog
Vehumet
Xom
The Shining One

Shops:
D:8 *

Annotations:
Lair:5 exclusion: ice statue


Innate Abilities, Weirdness & Mutations

You reflexively headbutt those who attack you in melee.
You have a pair of horns on your head.
You are partially covered in molten scales (AC +1).


Message History

The polar bear is moderately wounded.
You block the ice dragon's attack.
The ice dragon claws you but does no damage.
The ice dragon tramples you.
* * * LOW HITPOINT WARNING * * *
You stumble backwards!
You slash the ice dragon!
You headbutt the ice dragon, but do no damage.
The ice dragon is almost dead.
You hit the polar bear.
The polar bear is moderately wounded.
You slice the ice dragon!!
You feel the power of Trog in you as your rage grows.
You kill the ice dragon!
Trog accepts your kill.
You hit the polar bear.
The polar bear is heavily wounded.
Your chain mail prevents you from hitting the ice beast.
The polar bear bites you!
You die...

.....#............P.≈≈≈≈.≈..
......#....##......≈≈≈≈.≈≈..
...........#.......≈≈≈...≈≈≈
.................P.≈≈.≈.≈≈≈≈
P..........##........≈≈≈≈≈≈≈
...........#.........≈≈≈≈≈≈≈
.....................≈≈≈≈≈≈≈
.................Y...≈≈≈≈≈:!
................@†....≈≈≈≈(.
.................h....≈≈≈≈$8
...................h.≈≈≈≈≈$$
.....................≈≈≈≈≈≈≈
...(.. ##....#.......≈≈≈≈≈≈
...... #............≈≈≈≈≈
...... #.<...#....≈≈.≈.≈
...... #....#.....≈.≈...
....... ...........≈≈≈≈.


You could see 2 polar bears and an ice beast.

Vanquished Creatures
  An ice dragon (Lair:5)
  The ghost of Elizilla the Grappler, a novice TrMo of Qazlal (Lair:1)
  A satyr (Lair:5)
  A hill giant (D:9)
  Pikel (D:4)
  A griffon (Lair:3)
  6 black mambas
  2 rime drakes
  7 spiny frogs
  4 komodo dragons
  The ghost of Kiel97 the Magician, a novice DEWz of Sif Muna (D:4)
  A two-headed ogre (D:9)
  5 blink frogs (Lair:1)
  A wyvern (D:9)
  29 yaks
  A redback (Lair:4)
  2 basilisks
  3 hungry ghosts
  5 hippogriffs
  Edmund (D:4)
  15 water moccasins
  2 black bears
  16 porcupines
  4 orc warriors (D:9)
  A sky beast (D:9)
  A slave (D:4)
  3 ice beasts (Lair:5)
  3 phantoms
  3 ogres
  8 wolves
  A centaur (D:9)
  10 crocodiles
  13 giant frogs
  A scorpion (D:7)
  6 killer bees (D:9)
  4 wights (D:8)
  A howler monkey (D:4)
  An electric eel (Lair:5)
  3 crimson imps
  3 hounds
  4 centaur skeletons
  A jelly (D:7)
  An orc priest (D:6)
  A giant frog skeleton (D:4)
  3 orc wizards
  8 iguanas
  5 worker ants
  18 sheep
  A hound zombie (D:9)
  A mummy (D:7)
  3 gnolls (D:4)
  14 adders
  37 river rats
  4 shadow imps
  3 oozes
  An adder skeleton (D:5)
  3 worms
  4 dart slugs
  12 giant geckos
  20 orcs
  8 ball pythons
  10 giant cockroaches
  9 hobgoblins
  11 jackals
  7 kobolds
  4 quokkas
  11 bats
  8 giant newts
  7 goblins
  A quokka skeleton (D:4)
  14 rats
  4 fungi
  A plant (Lair:5)
  2 withered plants (D:8)
414 creatures vanquished.

Vanquished Creatures (others)
  2 slaves (D:4)
  A centaur skeleton (D:4)
  A worker ant (D:4)
  An adder (D:4)
  A hobgoblin (D:4)
  5 fungi
11 creatures vanquished.

Grand Total: 425 creatures vanquished

Notes
Turn   | Place    | Note
--------------------------------------------------------------
     0 | D:1      | Kloppie the Minotaur Berserker began the quest for the Orb.
     0 | D:1      | Reached XP level 1. HP: 19/19 MP: 0/0
   273 | D:1      | Reached XP level 2. HP: 27/27 MP: 1/1
   582 | D:1      | Reached ** piety under Trog
   609 | D:2      | Found a glowing golden altar of the Shining One.
   621 | D:2      | Reached XP level 3. HP: 33/33 MP: 2/2
   687 | D:2      | Found a shimmering altar of Xom.
  1066 | D:2      | Found a white marble altar of Elyvilon.
  1154 | D:2      | Reached XP level 4. HP: 35/40 MP: 3/3
  1301 | D:2      | Reached *** piety under Trog
  1527 | D:3      | Reached skill level 5 in Axes
  1695 | D:3      | Reached XP level 5. HP: 41/47 MP: 4/4
  1897 | D:3      | Found a glowing drain.
  1904 | Sewer    | Entered a sewer
  2018 | Sewer    | Reached skill level 5 in Fighting
  2023 | Sewer    | Reached **** piety under Trog
  2113 | Sewer    | Reached XP level 6. HP: 41/56 MP: 5/5
  2114 | Sewer    | Reached skill level 5 in Armour
  2959 | D:4      | Found a radiant altar of Vehumet.
  3033 | D:4      | Noticed Edmund
  3037 | D:4      | Killed Edmund
  3037 | D:4      | Reached XP level 7. HP: 63/63 MP: 6/6
  3096 | D:4      | Found a burning altar of Makhleb.
  3121 | D:4      | Noticed Pikel
  3122 | D:4      | Noticed Kiel97's ghost (novice DEWz)
  3153 | D:4      | Killed Pikel
  3248 | D:4      | HP: 3/66 [Kiel97's ghost (2)]
  3267 | D:4      | Killed Kiel97's ghost
  3267 | D:4      | Reached XP level 8. HP: 18/73 MP: 7/7
  4181 | D:5      | Entered Level 5 of the Dungeon
  4334 | D:5      | Noticed a moth of wrath
  4337 | D:5      | Found a bloodstained altar of Trog.
  5093 | D:6      | Found a burning altar of Makhleb.
  5093 | D:6      | Noticed a balrug
  5146 | D:6      | Reached ***** piety under Trog
  5347 | D:6      | Found a staircase to the Ecumenical Temple.
  5363 | D:6      | Reached XP level 9. HP: 83/83 MP: 8/8
  5432 | D:6      | Gained mutation: You are partially covered in molten scales (AC +1). [potion of beneficial mutation]
  5736 | D:7      | Found a snail-covered altar of Cheibriados.
  5878 | D:7      | Received a gift from Trog
  6576 | D:8      | Found a staircase to the Lair.
  6597 | D:7      | Reached skill level 10 in Fighting
  6597 | D:7      | Reached skill level 10 in Axes
  7135 | D:7      | Reached skill level 10 in Armour
  7241 | D:8      | Found Cywihiud's Assorted Antiques.
  7250 | D:8      | Bought a pair of embroidered gloves for 103 gold pieces
  7250 | D:8      | Bought 2 puce potions for 41 gold pieces
  7250 | D:8      | Bought a smoky purple potion for 20 gold pieces
  7459 | D:8      | Found an ancient bone altar of Kikubaaqudgha.
  7676 | D:9      | Reached XP level 10. HP: 72/94 MP: 3/9
  7737 | D:9      | Found a staircase to the Orcish Mines.
  8024 | D:9      | Noticed a hill giant
  8029 | D:9      | Killed a hill giant
  8415 | D:9      | Found a shattered altar of Ashenzari.
  8618 | D:9      | Received a gift from Trog
  8619 | D:9      | Got a translucent hunting sling {god gift}
  8627 | D:9      | Identified the +7 hunting sling "Unocos" {freeze, rElec rC+ SInv Stlth+} (Trog gifted it to you on level 9 of the Dungeon)
  8698 | Lair:1   | Entered Level 1 of the Lair of Beasts
  8732 | Lair:1   | Noticed Elizilla's ghost (novice TrMo)
  8753 | Lair:1   | Killed Elizilla's ghost
  8753 | Lair:1   | Reached XP level 11. HP: 62/104 MP: 3/10
 10770 | Lair:3   | Received a gift from Trog
 10771 | Lair:3   | Got a translucent executioner's axe {god gift}
 10775 | Lair:3   | Identified the +11 executioner's axe of Dawn {venom, Int+2 SInv} (Trog gifted it to you on level 3 of the Lair of Beasts)
 10812 | Lair:3   | Reached XP level 12. HP: 115/115 MP: 3/11
 10900 | Lair:3   | Identified a scroll of acquirement
 10901 | Lair:3   | Got an ancient buckler
 10902 | Lair:3   | Identified the +1 buckler of Wuw Asma {rPois rN+ Str+3 Stlth-} (You acquired it on level 3 of the Lair of Beasts)
 11018 | Lair:3   | Reached skill level 1 in Shields
 11952 | Lair:4   | Found a hole to the Spider Nest.
 12613 | Lair:5   | Found an iron altar of Okawaru.
 12658 | Lair:5   | Noticed a seven-headed hydra
 12660 | Lair:5   | Noticed a satyr
 12660 | Lair:5   | a seven-headed hydra changed into a satyr
 12668 | Lair:5   | Killed a satyr
 12721 | Lair:5   | Found a staircase to the Swamp.
 12999 | Lair:5   | Reached ****** piety under Trog
 13005 | Lair:5   | Noticed an ice dragon
 13018 | Lair:5   | HP: 7/177 [ice beast (12)]
 13021 | Lair:5   | Killed an ice dragon
 13021 | Lair:5   | Slain by a polar bear

Skill      XL: |  1  2  3  4  5  6  7  8  9 10 11 12 |
---------------+-------------------------------------+-----
Fighting       | 4 5 6 7 9 10 12 13 14 | 14.8
Axes           | 4 5 6 7 9 10 12 13 14 | 14.8
Armour         | 3 4 5 7 8 10 11 13 14 | 14.2
Shields        | 4 |  4.0
Dodging        | |  2.1

Action                   |  1- 3 |  4- 6 |  7- 9 | 10-12 || total
-------------------------+-------+-------+-------+-------++-------
Melee: Hand axe          |    93 |   167 |   161 |       ||   421
       Headbutt          |    19 |    31 |    72 |    73 ||   195
       War axe           |       |       |    88 |       ||    88
       Broad axe         |       |       |    73 |   381 ||   454
Invok: Berserk           |       |     1 |     3 |     4 ||     8
       Trog's Hand       |       |       |     2 |     3 ||     5
Evoke: Wand              |       |       |       |     2 ||     2
  Use: Scroll            |       |       |    22 |     9 ||    31
       Potion            |       |       |     1 |       ||     1
 Stab: Sleeping          |     1 |       |       |       ||     1
  Eat: Chunk             |     1 |     6 |    17 |    23 ||    47
       Beef jerky        |       |       |     1 |       ||     1
       Meat ration       |       |       |     1 |       ||     1
       Royal jelly       |       |       |       |     1 ||     1
Armor: Animal skin       |     5 |       |       |       ||     5
       Scale mail        |    31 |    71 |    86 |       ||   188
       Chain mail        |       |       |    60 |   193 ||   253
Dodge: Dodged            |    64 |    96 |   149 |   157 ||   466
Block: Buckler           |       |       |       |    37 ||    37
